Map: Rêve éternel EC

Players

Tee

  • Race: Terran Terran
  • League: Master
  • Spawn Location: 7:00

Arsenal - Winner!

  • Race: Terran Terran
  • Spawn Location: 1:00

VOD

Have the link to the VOD?

Description

Time

  • Played on: Aug. 28, 2020, 5:58 p.m.
  • Length: 11:34
Show
View Real Time Build Order
Export as new Build Order

Tee Terran 

Build Orders: Reaper Expand 

Get SALT Encoding   

  12  0:00  SCV  
  13  0:12  SCV  
  14  0:17  Supply Depot  
  14  0:25  SCV  
  15  0:38  SCV  
  15  0:39  Barracks  
  16  0:44  Refinery  
  16  0:50  SCV  
  17  1:03  SCV  
  19  1:18  SCV  
  19  1:28  Reaper  
  19  1:32  Orbital Command  
  20  1:43  Command Center  
  20  1:52  Supply Depot  
  20  1:58  SCV  
  20  1:59  Marine  
  22  2:09  Factory  
  22  2:14  SCV  
  23  2:21  Bunker  
  23  2:22  Barracks Reactor  
  23  2:27  SCV  
  23  2:28  Refinery  
  24  2:40  SCV  
  25  2:52  SCV  
  25  2:54  Hellion  
  25  2:56  Starport  
  28  2:59  Orbital Command  
  28  3:03  Marine x2  
  30  3:06  SCV  
  31  3:16  Factory Tech Lab  
  31  3:18  SCV  
  32  3:21  Marine  
  32  3:22  Marine  
  32  3:25  SCV  
  35  3:28  Refinery  
  35  3:30  SCV  
  35  3:34  Starport Tech Lab  
  36  3:38  Supply Depot  
  36  3:39  Siege Tank  
  39  3:41  SCV  
  39  3:45  Marine x2  
  39  3:46  SCV  
  43  3:56  SCV  
  43  4:01  Supply Depot, Raven  
  46  4:03  SCV  
  46  4:04  Marine x2  
  46  4:09  SCV  
  50  4:15  SCV  
  51  4:17  Siege Tank  
  51  4:22  SCV  
  51  4:23  Supply Depot  
  55  4:26  Marine x2  
  55  4:28  SCV  
  58  4:35  SCV  
  59  4:42  SCV  
  60  4:50  SCV  
  61  4:54  Viking, SCV  
  66  5:15  Supply Depot  
  66  5:16  Supply Depot  
  66  5:19  Command Center  
  61  5:21  SCV  
  61  5:27  SCV  
  61  5:30  Marine  
  62  5:37  SCV, Siege Tank  
  62  5:41  SCV  
  62  5:42  Supply Depot  
  67  5:51  Starport Reactor  
  67  5:56  SCV  
  66  6:01  Barracks x2  
  66  6:02  SCV  
  66  6:04  Barracks  
  66  6:07  Barracks  
  66  6:08  Supply Depot  
  66  6:12  Marine, Siege Tank  
  66  6:16  SCV  
  71  6:23  SCV  
  65  6:38  Viking x2  
  65  6:39  SCV  
  66  6:44  SCV  
  66  6:45  Marine  
  68  6:51  SCV, Orbital Command  
  68  6:52  Marine  
  68  6:53  Combat Shield, Marine x2  
  67  7:01  SCV  
  67  7:08  Marine x2  
  69  7:14  SCV  
  69  7:17  SCV  
  69  7:20  Marine x2  
  69  7:21  Marine  
  69  7:25  Marine  
  69  7:26  Marine  
  68  7:32  SCV x2  
  68  7:33  Viking x2  
  74  7:38  Marine  
  74  7:44  SCV  
  30  7:52  SCV, Marine x3  
  30  7:53  Marine  
  30  7:56  Marine  
  31  8:02  SCV  
  31  8:04  SCV  
  29  8:10  Marine x2  
  29  8:14  SCV  
  29  8:15  Marine x3  
  29  8:18  SCV  
  33  8:23  SCV  
  27  8:28  Marine x2  
  27  8:33  Marine  
  23  8:37  Marine  
  23  8:41  SCV  
  25  8:42  SCV  
  24  8:59  SCV x2  
  24  9:00  SCV  
  28  9:03  Barracks Reactor x2  
  28  9:04  Barracks Reactor, Siege Tank  
  29  9:11  SCV  
  29  9:12  SCV  
  29  9:17  Medivac x2  
  33  9:20  Marine  
  33  9:23  Barracks Reactor  
  36  9:25  SCV  
  36  9:26  SCV  
  36  9:27  SCV  
  39  9:37  SCV  
  39  9:38  SCV  
  41  9:39  Marine x2  
  41  9:40  Marine x2  
  41  9:42  SCV  
  41  9:44  Marine  
  47  9:49  SCV  
  47  9:50  SCV  
  49  9:53  Marine  
  49  9:54  Marine  
  49  9:57  Marine x2  
  49  9:59  Marine  
  48  10:01  Marine  
  46  10:07  Marine  
  46  10:08  Marine  
  46  10:09  SCV  
  48  10:18  Marine  
  44  10:26  Marine x2  
  44  10:27  SCV  
  39  10:29  SCV  
  39  10:34  SCV, Marine x3  
  37  10:39  Marine x2  
  35  10:45  Widow Mine  
  35  10:47  Marine  
  35  10:48  Marine x2  
  34  10:59  Marine x3  
  34  11:01  SCV, Marine  
  26  11:26  Barracks Tech Lab  
Show
View Real Time Build Order
Export as new Build Order

Arsenal Terran - Winner!

Build Orders: 1/1/1 

Get SALT Encoding   

  12  0:00  SCV  
  13  0:12  SCV  
  14  0:17  Supply Depot  
  14  0:24  SCV  
  15  0:31  Refinery  
  15  0:39  SCV  
  16  0:43  Barracks  
  16  0:51  SCV  
  16  0:55  Refinery  
  17  1:03  SCV  
  18  1:15  SCV  
  19  1:31  Orbital Command  
  19  1:32  Reaper  
  20  1:36  Factory  
  20  1:45  Supply Depot  
  20  1:57  SCV  
  21  2:05  Barracks Reactor  
  21  2:12  SCV  
  22  2:21  Factory Tech Lab  
  22  2:23  Starport  
  22  2:26  SCV  
  23  2:37  Supply Depot  
  23  2:39  SCV  
  23  2:41  Marine x2  
  23  2:44  Siege Tank  
  29  2:51  SCV  
  30  3:00  Viking, Marine  
  30  3:01  Marine  
  34  3:09  Supply Depot  
  34  3:17  Siege Tank  
  34  3:18  Marine x2  
  39  3:33  Supply Depot  
  39  3:45  Viking  
  39  3:46  Viking  
  39  3:47  SCV  
  44  3:49  Marine  
  45  3:59  Supply Depot  
  45  4:08  Marine, Siege Tank  
  49  4:20  Viking  
  51  4:26  Supply Depot  
  51  4:32  Marine  
  51  4:37  Command Center  
  52  4:41  Viking  
  54  4:56  Viking  
  56  5:01  Marine  
  57  5:15  SCV  
  57  5:17  Refinery  
  57  5:18  Liberator  
  61  5:26  Marine  
  61  5:27  SCV  
  63  5:35  Supply Depot  
  63  5:40  SCV  
  63  5:42  Siege Tank  
  67  5:44  Barracks Tech Lab  
  67  5:52  SCV  
  69  6:06  Orbital Command  
  68  6:11  Liberator  
  62  6:26  SCV  
  60  6:45  Siege Tank  
  60  6:46  Stimpack  
  63  6:57  Viking, Marine  
  66  7:04  SCV x2  
  68  7:15  Marine  
  65  7:16  SCV  
  63  7:24  Liberator  
  63  7:25  SCV  
  63  7:28  SCV  
  67  7:37  SCV  
  67  7:40  SCV  
  67  7:49  SCV  
  57  7:54  Marine  
  57  7:55  Siege Tank  
  57  7:56  SCV  
  59  8:00  Command Center  
  59  8:01  SCV  
  60  8:10  Viking x2  
  60  8:12  Marine  
  60  8:20  SCV x2  
  61  8:32  SCV x2, Siege Tank  
  66  8:35  Barracks x2  
  66  8:40  Viking x2  
  67  8:44  SCV  
  68  8:53  Combat Shield  
  68  8:55  SCV  
  62  8:57  Engineering Bay  
  62  8:59  Refinery  
  62  9:01  Marine  
  62  9:02  SCV  
  61  9:04  Siege Tank  
  61  9:07  SCV  
  65  9:15  Liberator  
  68  9:18  SCV  
  68  9:19  Orbital Command  
  69  9:24  Barracks Reactor x2  
  69  9:29  Engineering Bay  
  69  9:36  Marine  
  70  9:41  Barracks  
  70  9:42  Barracks  
  70  9:47  Siege Tank  
  73  9:53  Barracks  
  73  9:54  Marine  
  73  9:55  SCV x3  
  77  10:07  SCV, Marine x3  
  77  10:11  Marine  
  77  10:12  Viking x2  
  86  10:15  SCV  
  86  10:18  Marine  
  88  10:24  Marine  
  86  10:31  SCV x2, Barracks Reactor x2  
  88  10:39  SCV, Supply Depot  
  88  10:42  Medivac x2  
  93  10:46  SCV  
  93  10:47  Marine x4  
  93  10:48  Siege Tank  
  97  11:13  Marine x2  
  92  11:19  Barracks Reactor  
Tags
 
Add a new tag
Caveats
  • Supply blocks, unpowered buildings, or Contaminate may cause inaccurate times.
  • Supply counts are checked every 10 seconds.